 Dungeon Crawl Stone Soup version 0.30-a0-748-ge6a52f7cba (webtiles) character file.

Game seed: 4283996793861245979

10782 kae the Geomancer (level 11, -1/62 HPs)
             Began as a Gargoyle Earth Elementalist on Feb 8, 2023.
             Was a Priest of Vehumet.
             Slain by a yak (3 damage)
             ... on level 10 of the Dungeon.
             The game lasted 00:10:00 (10651 turns).

kae the Geomancer (Gargoyle Earth Elementalist)    Turns: 10651, Time: 00:10:01

Health: -1/62      AC: 18    Str: 12    XL:     11   Next: 67%
Magic:  4/23       EV: 15    Int: 26    God:    Vehumet [***...]
Gold:   548        SH:  0    Dex: 10    Spells: 16/26 levels left

rFire   + . .      SeeInvis .    i - +3 long sword (holy)
rCold   + . .      Faith    .    (no shield)
rNeg    + + .      Spirit   .    G - +1 swamp dragon scales
rPois   ∞          Reflect  .    (no helmet)
rElec   +          Harm     .    (no cloak)
rCorr   .          Rampage  .    (no gloves)
Will    .....                    d - +1 pair of boots
Stlth   +                        u - amulet of Surprise {RegenMP rC+ Dex+3}
HPRegen 0.30/turn                E - +5 ring of evasion
MPRegen 0.58/turn                J - ring "Wusanue" {rF+ rN+ Int+6 Dex-3}

@: no status effects
A: sickness immunity, AC +8, negative energy resistance 1, electricity
resistance, torment resistance 1, petrification resistance
a: Renounce Religion


You were on level 10 of the Dungeon.
You worshipped Vehumet.
Vehumet was most pleased with you.
You visited 2 branches of the dungeon, and saw 11 of its levels.
You also visited: Sewer and Ossuary.

You collected 548 gold pieces.


Innate Abilities, Weirdness & Mutations

You are immune to sickness and miasma.
Your stone body is resilient. (AC +8)
You are immune to poison.
You resist negative energy. (rN+)
You are resistant to electric shocks. (rElec)
You are resistant to unholy torment.
You are immune to petrification.


   Skills:
 + Level 4.8 Fighting
 - Level 1.5 Dodging
 - Level 2.1 Stealth
 - Level 8.0 Spellcasting
 - Level 12.0 Conjurations
 - Level 0.7 Transmutations
 - Level 13.3 Earth Magic


You had 16 spell levels left.
You knew the following spells:

 Your Spells              Type           Power      Damage    Failure   Level
a - Sandblast             Erth           100%       2d20      1%          1
b - Stone Arrow           Conj/Erth      100%       3d13      1%          3
c - Passwall              Tmut/Erth      39%        N/A       1%          2
d - Petrify               Tmut/Erth      47%        N/A       7%          4

Your spell library contained the following spells:

 Spells                   Type           Power      Damage    Failure   Level
 Kindle Blastsparks       Fire/Tloc/Air  20%        2d11      11%         3
 Hailstorm                Conj/Ice       41%        3d10      1%          3
 Freeze                   Ice            40%        1d6       3%          1
 Frozen Ramparts          Ice            20%        1d4       11%         3
 Apportation              Tloc           20%        N/A       13%         1
 Necrotise                Necr           40%        1d6       13%         1
 Summon Small Mammal      Summ           40%        N/A       13%         1
 Ensorcelled Hibernation  Hex/Ice        20%        N/A       19%         2
 Olgreb's Toxic Radiance  Pois           10%        N/A       30%         4
 Portal Projectile        Hex/Tloc       20%        N/A       36%         3
 Swiftness                Air            10%        N/A       36%         3
 Tukima's Dance           Hex            10%        N/A       36%         3
 Blade Hands              Tmut           7%         N/A       95%         5
 Ozocubu's Refrigeration  Ice            5%         4d8       100%        7
 Ignition                 Fire           5%         3d4       100%        8

Inventory:

Hand Weapons
 i - a +3 long sword of holy wrath (weapon)
   (You found it on level 2 of the Dungeon)
Missiles
 c - 76 stones
 f - 2 atropa-tipped darts
 j - 7 boomerangs
 v - 6 poisoned darts
 y - 6 curare-tipped darts {=f}
Armour
 a - a +0 robe
 d - a +1 pair of boots (worn)
   (You found it on level 1 of the Dungeon)
 G - +1 swamp dragon scales (worn)
   (You took it off Maggie on level 6 of the Dungeon)
Jewellery
 u - the amulet of Surprise (around neck) {RegenMP rC+ Dex+3}
   (You found it on level 6 of the Dungeon)

   [amulet of magic regeneration]

   It increases your rate of magic regeneration.
   Dex:       It affects your dexterity (+3).
   rC:        It protects you from cold.
 D - a +6 ring of dexterity
   (You found it on level 8 of the Dungeon)
 E - a +5 ring of evasion (left hand)
   (You found it on level 1 of the Dungeon)
 J - the ring "Wusanue" (right hand) {rF+ rN+ Int+6 Dex-3}
   (You found it on level 9 of the Dungeon)

   [ring of intelligence]

   Int:       It affects your intelligence (+6).
   Dex:       It affects your dexterity (-3).
   rF:        It protects you from fire.
   rN:        It protects you from negative energy.
 R - a ring of resist corrosion
   (You took it off a hobgoblin on level 4 of the Dungeon)
 Y - a +4 ring of slaying
   (You found it on level 7 of the Dungeon)
 Z - a ring of wizardry
   (You found it on level 4 of the Dungeon)
Wands
 l - a wand of polymorph (7)
   (You took it off Ijyb on level 3 of the Dungeon)
 p - a wand of roots (16)
   (You found it on level 4 of the Dungeon)
 w - a wand of digging (9)
   (You took it off Blork the orc on level 6 of the Dungeon)
 B - a wand of charming (2)
   (You found it on level 7 of the Dungeon)
Scrolls
 m - 2 scrolls of vulnerability {!r!r}
 o - a scroll of enchant armour
 s - 2 scrolls of teleportation {@r4}
 x - a scroll of immolation {!r!r}
 C - a scroll of fog
 F - 2 scrolls of identify {@r1}
 H - a scroll of summoning
Potions
 b - a potion of magic
 e - 4 potions of heal wounds {@q2}
 g - 2 potions of invisibility
 h - 3 potions of curing {@q1}
 k - 3 potions of might
 n - 4 potions of mutation {!q}
 q - a potion of resistance
 r - 2 potions of lignification {!q}
 t - 3 potions of flight
 z - 2 potions of degeneration {!q}
 A - 2 potions of brilliance
 I - 2 potions of attraction {!q}
Miscellaneous
 K - a phantom mirror
   (You found it on level 9 of the Dungeon)

Dungeon Overview and Level Annotations

Branches:
Dungeon (10/15) Zot: 25945  Temple (1/1) D:7 Zot: 5949    Lair (0/5) D:10
    Orc (0/2) D:10          Sewer (visited)         Ossuary (visited)

Altars:
Ashenzari
Cheibriados
Dithmenos
Elyvilon
Fedhas
Gozag
Hepliaklqana
Kikubaaqudgha
Makhleb
Nemelex Xobeh
Okawaru
Qazlal
Ru
Sif Muna
Trog
Uskayaw
Vehumet
Wu Jian
Xom
The Shining One

Shops:
D:2 [   D:3 ( D:7

[ ..## #....# #....... .##
#....# #Y~.## #....... .#
#....# ..~.. #....... .#
#....# #.~.####....... .#
##...# ..~..$ #[...... .#
######....# ##.~.####.......
.# #....#....# ..~....#.......
.#
##.........####.~.####.......
.#
#..........#@Y..~....#.......
.#
#..........####'''####....###
.##
#...............≈.).....### #
..# #...............≈.......##
# #.#
#...............≈........# #
#.###.......)......≈≈≈.......#
#
#..##......).#.....≈≈≈≈....###
##
##)##......)##....≈≈≈≈≈....##
#.
#.###....).#.....~≈≈≈≈~....#
#.


You could see a yak.


Message History

Aiming: Sandblast (safe; 1% risk of failure)
Press: ? - help, Shift-Dir - straight line, f - yak
Aim: a yak (91% to hit)
The blast of sand hits the yak!!
The yak gores you. The yak barely misses you.
Unknown command. 😕 HP[-3]
You take 3 damage, and now have 51/61 hp.
Casting: Sandblast (safe; 1% risk of failure)
Confirm with . or Enter, or press ? or * to list all spells.
Aiming: Sandblast (safe; 1% risk of failure)
Press: ? - help, Shift-Dir - straight line, f/p - yak
Aim: a yak (severely wounded, 91% to hit)
The blast of sand hits the yak!!
You kill the yak!
Vehumet accepts your kill.
You feel your power returning. 😕 HP[+1]
You now have 62 max hp (+1).
Casting: Sandblast (safe; 1% risk of failure)
Confirm with . or Enter, or press ? or * to list all spells.
Aiming: Sandblast (safe; 1% risk of failure)
Press: ? - help, Shift-Dir - straight line, f - yak
Aim: a yak (91% to hit)
The blast of sand hits the yak!!
The yak gores you! The yak gores you. 😮 HP[-15]
You take 15 damage, and now have 37/62 hp.
MASSIVE DAMAGE!! (PAUSE)
Casting: Sandblast (safe; 1% risk of failure)
Confirm with . or Enter, or press ? or * to list all spells.
Aiming: Sandblast (safe; 1% risk of failure)
Press: ? - help, Shift-Dir - straight line, f/p - yak
Aim: a yak (severely wounded, 91% to hit)
The blast of sand hits the yak!
You kill the yak!
Vehumet accepts your kill.
You feel your power returning.
The yak snorts and paws the ground. 😮 MP[+1]
Casting: Sandblast (safe; 1% risk of failure)
Confirm with . or Enter, or press ? or * to list all spells.
Aiming: Sandblast (safe; 1% risk of failure)
Press: ? - help, Shift-Dir - straight line, f - yak
Aim: a yak (91% to hit)
The blast of sand hits the yak!
The yak gores you. The yak gores you!
* * * LOW HITPOINT WARNING * * *
😨 HP[-16]
You take 16 damage, and now have 21/62 hp.
MASSIVE DAMAGE!! (PAUSE)
Casting: Sandblast (safe; 1% risk of failure)
Confirm with . or Enter, or press ? or * to list all spells.
Aiming: Sandblast (safe; 1% risk of failure)
Press: ? - help, Shift-Dir - straight line, f/p - yak
Aim: a yak (moderately wounded, 91% to hit)
The blast of sand hits the yak but does no damage.
The yak misses you. 😨 HP[+1]
Casting: Sandblast (safe; 1% risk of failure)
Confirm with . or Enter, or press ? or * to list all spells.
Aiming: Sandblast (safe; 1% risk of failure)
Press: ? - help, Shift-Dir - straight line, f/p - yak
Aim: a yak (moderately wounded, 91% to hit)
The blast of sand hits the yak.
The yak misses you. The yak barely misses you.
Unknown command.
Casting: Sandblast (safe; 1% risk of failure)
Confirm with . or Enter, or press ? or * to list all spells.
Aiming: Sandblast (safe; 1% risk of failure)
Press: ? - help, Shift-Dir - straight line, f/p - yak
Aim: a yak (heavily wounded, 91% to hit)
The blast of sand hits the yak!!
The yak gores you!
* * * LOW HITPOINT WARNING * * *
😱 HP[-11]
You take 11 damage, and now have 11/62 hp.
Unknown command.
Casting: Sandblast (safe; 1% risk of failure)
Confirm with . or Enter, or press ? or * to list all spells.
Aiming: Sandblast (safe; 1% risk of failure)
Press: ? - help, Shift-Dir - straight line, f/p - yak
Aim: a yak (almost dead, 91% to hit)
The blast of sand hits the yak!
You kill the yak!
Vehumet accepts your kill. The yak gores you!
* * * LOW HITPOINT WARNING * * *
😱 HP[-10] MP[-1]
You take 10 damage, and now have 1/62 hp.
You lost 1 mp, and now have 4/23 mp.
Casting: Sandblast (safe; 1% risk of failure)
Confirm with . or Enter, or press ? or * to list all spells.
Aiming: Sandblast (safe; 1% risk of failure)
Press: ? - help, Shift-Dir - straight line, f - yak
Aim: a yak (moderately wounded, 91% to hit)
The blast of sand hits the yak.
The yak barely misses you. 😱 HP[+1]
Casting: Sandblast (safe; 1% risk of failure)
Confirm with . or Enter, or press ? or * to list all spells.
Aiming: Sandblast (safe; 1% risk of failure)
Press: ? - help, Shift-Dir - straight line, f/p - yak
Aim: a yak (moderately wounded, 91% to hit)
The blast of sand hits the yak!
The yak gores you.
You die...

Skill      XL: |  1  2  3  4  5  6  7  8  9 10 11 |
---------------+----------------------------------+-----
Earth Magic    | 4 5 6 7 9 11 12 13 | 13.3
Conjurations   | 1 2 3 4 5 7 9 11 12 | 12.0
Spellcasting   | 3 4 5 6 7 8 |  8.0
Fighting       | 4 |  4.8
Dodging        | |  1.5
Stealth        | |  2.1
Transmutations | |  0.7

Action                     |  1- 3 |  4- 6 |  7- 9 | 10-12 || total
---------------------------+-------+-------+-------+-------++-------
  Melee: Unarmed           |    45 |     3 |       |       ||    48
         Long sword        |       |    14 |    90 |     7 ||   111
         Punch             |       |       |     1 |       ||     1
   Cast: Sandblast         |    54 |    81 |   141 |    79 ||   355
         Stone Arrow       |       |       |    49 |   107 ||   156
    Use: Scroll            |     3 |     6 |    11 |     1 ||    21
         Potion            |       |     2 |       |       ||     2
 Armour: Robe              |    15 |    11 |    41 |       ||    67
         Skin              |       |    19 |       |       ||    19
         Swamp dragon scal |       |       |       |    40 ||    40
  Dodge: Dodged            |    52 |    42 |   144 |   102 ||   340

Levels and vault maps discovered:
D:1:      dpeg_arrival_rooms_b, layout_loops_corners,
          chequers_serial_rivers_micro_b, minmay_tetromino_i2
D:2:      minmay_wonky_spiral, layout_loops_cross, serial_shops, shop_fountains,
          minmay_misc_feat_roman, minmay_misc_feat_encased, uniq_robin
D:3:      layout_loops_ring, tso_altar, serial_shops,
          nicolae_shop_competitors_out_of_business, uniq_ijyb
D:4:      layout_loops_cross, gammafunk_temple_overflow_wave, elyvilon_altar_1
D:5:      layout_loops_ring, nzn_wu_jian_council_hall
D:6:      lemuel_slime, layout_gridville, nicolae_ashenzari_panopticon,
          portal_sewer_entry_f, uniq_blork_the_orc, uniq_maggie
D:7:      layout_rooms, overflow_temple_1_default,
          minmay_temple_entry_proselytizer, enter_ossuary_5, serial_shops,
          nicolae_shop_advertising_works [nicolae_subvault_shop_adworks]
D:8:      layout_basic, lemuel_mausoleum_altar_kikubaaqudgha,
          kennysheep_generic_room_8
D:9:      layout_basic, nicolae_gozag_conspicuous_consumption, xom_teletrap_fun
D:10:     argonaut_augean_stables, layout_cave_pods,
          mainiacjoe_overflow_24_doors, lair_entry_dummy, minmay_liquid_box,
          chequers_mini_garden, uniq_joseph, uniq_psyche
Temple:   chequers_temple_sunken

Notes
Turn   | Place    | Note
-------+----------+-------------------------------------------
     0 | D:1      | kae the Gargoyle Earth Elementalist began the quest for the
                  | Orb.
     0 | D:1      | Reached XP level 1. HP: 10/10 MP: 3/3
     0 | D:1      | magus.rc [v1.11.3]
   291 | D:1      | Reached skill level 4 in Earth Magic
   293 | D:1      | Reached XP level 2. HP: 15/15 MP: 0/5
  1064 | D:2      | Reached XP level 3. HP: 15/19 MP: 3/6
  1123 | D:1      | Learned a level 3 spell: Stone Arrow
  1126 | D:1      | Learned a level 2 spell: Passwall
  1131 | D:2      | Noticed Robin
  1154 | D:1      | HP: 4/19 [Robin/+0 whip (2)]
  1159 | D:1      | HP: 1/19 [Robin/+0 whip (3)]
  1164 | D:1      | Killed Robin
  1421 | D:2      | Reached skill level 1 in Conjurations
  1421 | D:2      | Reached skill level 5 in Earth Magic
  1433 | D:2      | magus.rc [v1.11.3]
  1544 | D:2      | Reached XP level 4. HP: 24/24 MP: 4/7
  1891 | D:2      | You pick up a book of Burglary and begin reading...
  1891 | D:2      | You add the spells Ensorcelled Hibernation and Swiftness to
                  | your library.
  2020 | D:2      | Found Iggod's Armour Emporium.
  2113 | D:3      | Noticed Ijyb
  2121 | D:3      | Killed Ijyb
  2189 | D:3      | Found a glowing golden altar of the Shining One.
  2269 | D:3      | Found Tenuy's Weapon Shop.
  2299 | D:3      | You pick up a book of Frost and begin reading...
  2299 | D:3      | You add the spells Freeze, Frozen Ramparts and Hailstorm to
                  | your library.
  2452 | D:3      | Reached skill level 2 in Conjurations
  2873 | D:4      | Reached XP level 5. HP: 25/28 MP: 5/9
  3009 | D:4      | Reached skill level 3 in Spellcasting
  3140 | D:4      | Found a burning altar of Makhleb.
  3140 | D:4      | Found a snail-covered altar of Cheibriados.
  3317 | D:4      | Reached skill level 3 in Conjurations
  3317 | D:4      | Reached skill level 6 in Earth Magic
  3317 | D:4      | Reached XP level 6. HP: 32/32 MP: 8/10
  3320 | D:4      | Found a white marble altar of Elyvilon.
  3760 | D:5      | Entered Level 5 of the Dungeon
  3764 | D:5      | Noticed a black bear
  3774 | D:5      | HP: 12/48 [hound (2)]
  3785 | D:5      | Killed a black bear
  3786 | D:5      | Reached skill level 4 in Conjurations
  3887 | D:5      | Reached XP level 7. HP: 36/36 MP: 7/12
  3934 | D:5      | Reached skill level 7 in Earth Magic
  4181 | D:5      | Reached skill level 5 in Conjurations
  4355 | D:5      | Reached skill level 4 in Spellcasting
  4591 | D:5      | Reached XP level 8. HP: 40/41 MP: 8/14
  4802 | D:5      | Found an ornate altar of the Wu Jian Council.
  4859 | D:6      | Learned a level 4 spell: Petrify
  4899 | D:6      | Reached skill level 8 in Earth Magic
  4961 | D:6      | You pick up a book of Weapons and begin reading...
  4961 | D:6      | You add the spells Tukima's Dance, Portal Projectile and
                  | Blade Hands to your library.
  5119 | D:6      | Identified the amulet of Surprise {RegenMP rC+ Dex+3}
  5127 | D:6      | Reached skill level 6 in Conjurations
  5154 | D:6      | Noticed Maggie
  5255 | D:6      | Found a glowing drain.
  5271 | Sewer    | Entered a sewer
  5403 | Sewer    | Reached skill level 9 in Earth Magic
  5478 | Sewer    | Found a white marble altar of Elyvilon.
  5593 | D:6      | Killed Maggie
  5594 | D:6      | Reached skill level 5 in Spellcasting
  5594 | D:6      | Reached skill level 7 in Conjurations
  5594 | D:6      | Reached XP level 9. HP: 17/45 MP: 2/16
  5723 | D:6      | Noticed an oklob plant
  5728 | D:6      | Killed an oklob plant
  5729 | D:6      | Reached skill level 8 in Conjurations
  5729 | D:6      | Reached skill level 10 in Earth Magic
  5847 | D:6      | You add the spells Olgreb's Toxic Radiance, Ozocubu's
                  | Refrigeration and Ignition to your library.
  6004 | D:6      | Found a broken altar of Ashenzari.
  6135 | D:6      | Noticed Blork the orc
  6138 | D:6      | Killed Blork the orc
  6231 | D:6      | You fall into a shaft and drop 1 floor!
  6269 | D:7      | Found a staircase to the Ecumenical Temple.
  6277 | Temple   | Entered the Ecumenical Temple
  6314 | Temple   | Became a worshipper of Vehumet
  6333 | D:7      | Found a blossoming altar of Fedhas.
  6375 | D:7      | Found a sand-covered staircase.
  6380 | Ossuary  | Entered an ossuary
  6528 | Ossuary  | Reached * piety under Vehumet
  6528 | Ossuary  | Offered knowledge of Shock by Vehumet.
  6881 | D:7      | Reached skill level 9 in Conjurations
  6881 | D:7      | Reached skill level 11 in Earth Magic
  6940 | D:7      | Found Jata Ypp's Armour Shop.
  7491 | D:6      | Identified the +3 ring mail "Ede Vaf" {Str+6}
  7645 | D:8      | Reached skill level 6 in Spellcasting
  7645 | D:8      | Reached XP level 10. HP: 50/50 MP: 16/19
  7916 | D:8      | You pick up a book of Cantrips and begin reading...
  7916 | D:8      | You add the spells Necrotise, Summon Small Mammal and
                  | Apportation to your library.
  7937 | D:8      | Reached ** piety under Vehumet
  7937 | D:8      | Offered knowledge of Momentum Strike by Vehumet.
  7959 | D:8      | Found an ancient bone altar of Kikubaaqudgha.
  8054 | D:8      | Reached skill level 10 in Conjurations
  8169 | D:8      | Reached skill level 12 in Earth Magic
  8586 | D:9      | Found a shimmering altar of Xom.
  8691 | D:9      | Found an opulent altar of Gozag.
  8729 | D:9      | Found an opulent altar of Gozag.
  8729 | D:9      | Found an opulent altar of Gozag.
  8762 | D:9      | Found an opulent altar of Gozag.
  8788 | D:9      | Offered knowledge of Searing Ray by Vehumet.
  8830 | D:9      | Reached skill level 7 in Spellcasting
  8830 | D:9      | Reached skill level 11 in Conjurations
  9018 | D:9      | Reached XP level 11. HP: 22/54 MP: 19/21
  9019 | D:9      | Reached skill level 13 in Earth Magic
  9143 | D:9      | Identified the ring "Wusanue" {rF+ rN+ Int+6 Dex-3}
  9234 | D:9      | Noticed a boulder beetle
  9239 | D:9      | Killed a boulder beetle
  9620 | D:10     | Entered Level 10 of the Dungeon
  9630 | D:10     | Found a staircase to the Orcish Mines.
  9660 | D:10     | Found a staircase to the Lair.
  9705 | D:10     | Found a shadowy altar of Dithmenos.
  9727 | D:10     | Reached *** piety under Vehumet
 10192 | D:10     | Reached skill level 12 in Conjurations
 10196 | D:10     | Offered knowledge of Kindle Blastsparks by Vehumet.
 10331 | D:10     | Noticed Psyche
 10335 | D:10     | Killed Psyche
 10419 | D:10     | Reached skill level 8 in Spellcasting
 10507 | D:10     | Reached skill level 1 in Fighting
 10623 | D:10     | Reached skill level 2 in Fighting
 10631 | D:10     | Reached skill level 3 in Fighting
 10641 | D:10     | Reached skill level 4 in Fighting
 10648 | D:10     | HP: 11/62 [yak (12)]
 10649 | D:10     | HP: 1/62 [yak (10)]
 10651 | D:10     | Slain by a yak

Vanquished Creatures
  A boulder beetle (D:9)
  An oklob plant (D:6)
  Maggie (D:6)
  3 unseen horror zombies (D:8)
  Psyche (D:10)
  28 yaks
  A shadow (D:9)
  2 wyverns (D:10)
  A steam dragon (D:8)
  A water moccasin (D:7)
  An acid dragon (D:10)
  3 black bears
  3 centaurs
  A kobold brigand (Sewer)
  2 necrophages
  Blork the orc (D:6)
  2 scorpions
  3 bullfrogs
  A wyvern zombie (D:8)
  3 gnoll sergeants
  10 wights
  7 killer bees (D:9)
  An electric eel (D:10)
  A howler monkey (D:4)
  5 human zombies
  6 jellies
  A gnoll bouda (D:5)
  A centaur zombie (D:8)
  8 hounds
  5 orc priests
  Ijyb (D:3)
  3 orc wizards
  An iguana (D:4)
  3 mummies
  2 howler monkey zombies (D:8)
  Robin (D:1)
  20 gnolls
  A river rat (Sewer)
  6 adders
  A shadow imp (D:7)
  2 white imps
  An adder zombie (Ossuary)
  A worm (D:2)
  14 orcs
  7 ball pythons
  23 endoplasms
  5 giant cockroaches
  16 goblins
  10 hobgoblins
  3 jackals (Sewer)
  8 quokkas
  11 bats
  2 frilled lizards
  A goblin zombie (Ossuary)
  12 hobgoblin zombies (Ossuary)
  A jackal zombie (Ossuary)
  11 kobolds
  7 kobold zombies (Ossuary)
  10 orc zombies (Ossuary)
  5 rats
  A rat zombie (Ossuary)
295 creatures vanquished.

Vanquished Creatures (others)
  7 fungi (D:6)
7 creatures vanquished.

Grand Total: 302 creatures vanquished

Table legend:
 A = Non-vault XP
 B = Vault XP
 C = Vault XP percentage of total XP
 D = Non-vault monster count
 E = Vault monster count
 F = Vault count percentage of total count
                 A         B        C        D         E       F
            +---------+---------+-------+---------+---------+-------
      Total |    9399 |    6005 |  39.0 |     176 |     119 |  40.3
            +---------+---------+-------+---------+---------+-------
        D:1 |      26 |      20 |  43.5 |      14 |       4 |  22.2
        D:2 |      28 |      30 |  51.7 |      20 |      14 |  41.2
        D:3 |      20 |      36 |  64.3 |      12 |       1 |   7.7
        D:4 |     167 |       0 |   0.0 |      17 |       0 |   0.0
        D:5 |     941 |       0 |   0.0 |      27 |       0 |   0.0
        D:6 |     991 |    1341 |  57.5 |      23 |      26 |  53.1
        D:7 |     363 |      41 |  10.1 |       8 |       1 |  11.1
        D:8 |     474 |    1775 |  78.9 |       9 |      13 |  59.1
        D:9 |    4394 |       0 |   0.0 |      24 |       0 |   0.0
       D:10 |    1995 |    2385 |  54.5 |      22 |      11 |  33.3
      Sewer |       0 |     127 | 100.0 |       0 |      10 | 100.0
    Ossuary |       0 |     250 | 100.0 |       0 |      39 | 100.0
            +---------+---------+-------+---------+---------+-------

Illustrated notes

Table legend:
 A = Kills in this place as a percentage of kills in entire the game.
 B = Kills by you in this place as a percentage of kills by you in the entire game.
 C = Kills by friends in this place as a percentage of kills by friends in the entire game.
 D = Other kills in this place as a percentage of other kills in the entire game.
 E = Experience gained in this place as a percentage of experience gained in the entire game.
 F = Experience gained in this place divided by the number of levels of this place that you have seen.
                   A       B       C       D       E      F
               +-------+-------+-------+-------+-------+----------------------
         Total | 100.0 | 100.0 |   N/A |   N/A | 100.0 | 1184.9
       Dungeon |  83.4 |  83.4 |   N/A |   N/A |  97.6 | 1502.7
         Sewer |   3.4 |   3.4 |   N/A |   N/A |   0.8 | 127.0
       Ossuary |  13.2 |  13.2 |   N/A |   N/A |   1.6 | 250.0
               +-------+-------+-------+-------+-------+----------------------

Table legend: (Time is in decaauts)
 A = Elapsed time spent in this place.
 B = Non-inter-level travel time spent in this place.
 C = Inter-level travel time spent in this place.
 D = Time resting spent in this place.
 E = Time spent auto-exploring this place.
 F = Levels seen in this place.
 G = Mean time per level.
                   A        B        C        D        E       F      G
               +--------+--------+--------+--------+--------+-----+--------+
         Total |  10919 |  10523 |    396 |    272 |   8535 |  13 |  839.9 |
       Dungeon |  10052 |   9665 |    387 |    153 |   8089 |  10 | 1005.2 |
        Temple |     50 |     41 |      9 |      0 |     29 |   1 |   50.0 |
         Sewer |    355 |    355 |      0 |     10 |    252 |   1 |  355.0 |
       Ossuary |    460 |    460 |      0 |    108 |    164 |   1 |  460.0 |
               +--------+--------+--------+--------+--------+-----+--------+

Top non-repeatable levels by time:
     D:6: 1448 daAuts
     D:9: 1225 daAuts
     D:1: 1220 daAuts
     D:5: 1124 daAuts
    D:10: 1053 daAuts
     D:2: 931 daAuts
     D:4: 926 daAuts
     D:8: 877 daAuts
     D:3: 743 daAuts
     D:7: 502 daAuts
 Ossuary: 460 daAuts
   Sewer: 355 daAuts
  Temple: 50 daAuts
